 Dungeon Crawl Stone Soup version 0.27-a0-1548-gf8a67e7463 (webtiles) character file.

Game seed: 9566949710063558556

407455 bilbop the Unseen (level 24, -2/152 HPs)
             Began as a Kobold Summoner on July 10, 2021.
             Was the Champion of Yredelemnul.
             Slain by a spriggan berserker (25 damage)
             ... on level 5 of the Depths on July 13, 2021.
             The game lasted 11:47:16 (83772 turns).

bilbop the Unseen (Kobold Summoner)                Turns: 83772, Time: 11:47:16

Health: -2/152     AC: 20    Str: 10    XL:     24   Next: 56%
Magic:  0/42       EV: 32    Int: 32    God:    Yredelemnul [******]
Gold:   4529       SH: 12    Dex: 25    Spells: 21/53 levels left

rFire    + . .     SeeInvis .   a - +9 quick blade (drain)
rCold    + + .     Faith    .   F - +3 buckler {reflect}
rNeg     . . .     Spirit   .   s - +5 robe of the Eight Boll Weevils {Dex+5}
rPois    +         Reflect  +   N - +1 helmet of Neoheikh {Will++ rCorr Int+3 Dex+3}
rElec    .         Harm     .   d - +0 cloak of Painted Music {*Corrode Regen+ Int+5}
rCorr    +         Rampage  +   i - +2 pair of gloves {Str+3}
Will     +++..                  e - +2 pair of boots {rampage}
Stlth    +++++++++.             D - amulet of magic regeneration
HPRegen  1.35/turn              A - ring "Vudutar" {+Blink Fly rC++}
MPRegen  0.53/turn              h - ring "Ankaolik" {Drain +Blink rPois rF+ AC+4}

@: confusing by touch, flying, studying Long Blades
A: small, no large weapons, nightstalker 3
}: 2/15 runes: serpentine, barnacled
a: Renounce Religion, Evoke Blink, Recall Undead Slaves, Injury Mirror, Animate
Dead, Drain Life, Enslave Soul


You were on level 5 of the Depths.
You worshipped Yredelemnul.
Yredelemnul was exalted by your worship.
You visited 9 branches of the dungeon, and saw 44 of its levels.
You visited 1 bazaar.
You visited 1 ziggurat, and saw 2 of its levels.
You also visited: Ossuary and Bailey.

You collected 6552 gold pieces.
You spent 2023 gold pieces at shops.

Inventory:

Hand Weapons
 a - a +9 quick blade of draining (weapon)
Missiles
 E - 7 atropa-tipped darts
Armour
 d - the +0 cloak of Painted Music (worn) {*Corrode Regen+ Int+5}
   (You bought it in a shop on level 3 of the Snake Pit)

   Int:       It affects your intelligence (+5).
   Regen:     It increases your rate of health regeneration.
   *Corrode:  It may corrode you when you take damage.
 e - a +2 pair of boots of rampaging (worn)
 g - the +4 skin of Zhor {*Englaciate rC+++ SInv}
   (You found it on level 3 of the Depths)

   rC:        It renders you almost immune to cold.
   SInv:      It lets you see invisible.
 i - a +2 pair of gloves of strength (worn)
 s - the +5 robe of the Eight Boll Weevils (worn) {Dex+5}
   (You bought it in a shop on level 2 of the Dungeon)

   Dex:       It affects your dexterity (+5).
 F - a +3 buckler of reflection (worn)
 H - a +2 robe of the Archmagi
 N - the +1 helmet of Neoheikh (worn) {Will++ rCorr Int+3 Dex+3}
   (You found it on level 3 of the Elven Halls)

   Int:       It affects your intelligence (+3).
   Dex:       It affects your dexterity (+3).
   rCorr:     It protects you from acid and corrosion.
   Will:      It greatly increases your willpower.
Jewellery
 b - a ring of willpower
 c - a ring of flight
 f - a ring of see invisible
 h - the ring "Ankaolik" (right hand) {Drain +Blink rPois rF+ AC+4}
   (You bought it in a shop on level 1 of the Snake Pit)

   [ring of protection]

   AC:        It affects your AC (+4).
   rF:        It protects you from fire.
   rPois:     It protects you from poison.
   +Blink:    It lets you blink.
   Drain:     It drains your maximum health when unequipped.
 l - a +4 ring of protection
 w - an amulet of regeneration
 y - an amulet of the acrobat
 A - the ring "Vudutar" (left hand) {+Blink Fly rC++}
   (You took it off a merfolk javelineer on level 4 of the Shoals)

   [ring of flight]

   rC:        It greatly protects you from cold.
   Fly:       It grants you flight.
   +Blink:    It lets you blink.
 B - a ring of resist corrosion
 D - an amulet of magic regeneration (around neck)
 J - a +4 ring of slaying
 Y - a ring of protection from fire
 Z - the amulet of Lohaet {Faith rPois rC++ Str-3}
   (You found it on level 13 of the Dungeon)

   [amulet of faith]

   It allows you to gain divine favour quickly.
   Str:       It affects your strength (-3).
   rC:        It greatly protects you from cold.
   rPois:     It protects you from poison.
Wands
 n - a wand of iceblast (46)
 p - a wand of paralysis (45)
 G - a wand of polymorph (47)
 I - a wand of charming (58)
 L - a wand of digging (7)
 R - a wand of flame (156)
 T - a wand of acid (24)
 W - a wand of mindburst (6)
Scrolls
 j - 22 scrolls of teleportation
 r - 3 scrolls of blinking
 u - 4 scrolls of magic mapping
 v - 12 scrolls of amnesia
 C - 6 scrolls of summoning
 K - 6 scrolls of fog
 O - 4 scrolls of enchant weapon
 Q - 5 scrolls of fear
 S - a scroll of silence
 U - a scroll of brand weapon
Potions
 k - 6 potions of might
 m - 11 potions of brilliance
 o - 23 potions of curing
 q - 10 potions of heal wounds
 t - 4 potions of resistance
 x - 4 potions of cancellation
 z - 5 potions of magic
 M - 4 potions of haste
 P - 4 potions of ambrosia
 V - 4 potions of invisibility
Miscellaneous
 X - a phantom mirror


   Skills:
 + Level 16.1 Fighting
 - Level 16.7 Short Blades
 + Level 17.5 Dodging
 + Level 20.3 Stealth
 - Level 11.3 Shields
 + Level 15.0 Spellcasting
 + Level 10.4 Hexes
 + Level 15.3 Summonings
 + Level 15.4 Invocations
 + Level 7.8 Evocations


You had 21 spell levels left.
You knew the following spells:

 Your Spells              Type           Power      Damage    Failure   Level
a - Summon Small Mammal   Summ           100%       N/A       0%          1
b - Call Imp              Summ           89%        N/A       0%          2
c - Call Canine Familiar  Summ           89%        N/A       0%          3
d - Blink                 Tloc           N/A        N/A       2%          2
e - Summon Lightning Spi  Summ/Air       65%        N/A       1%          4
f - Summon Guardian Gole  Hex/Summ       82%        N/A       1%          3
g - Ensorcelled Hibernat  Hex/Ice        100%       N/A       1%          2
h - Confusing Touch       Hex            74%        N/A       1%          3
i - Summon Hydra          Summ           44%        N/A       2%          7
j - Summon Forest         Summ/Tloc      32%        N/A       2%          5

Your spell library contained the following spells:

 Spells                   Type           Power      Damage    Failure   Level
 Corona                   Hex            82%        N/A       1%          1
 Freeze                   Ice            96%        1d11      1%          1
 Magic Dart               Conj           96%        1d7       1%          1
 Shock                    Conj/Air       96%        1d9       1%          1
 Slow                     Hex            74%        N/A       1%          2
 Inner Flame              Hex/Fire       55%        N/A       1%          3
 Portal Projectile        Hex/Tloc       100%       N/A       1%          3
 Tukima's Dance           Hex            74%        N/A       1%          3
 Cause Fear               Hex            37%        N/A       1%          4
 Summon Mana Viper        Hex/Summ       82%        N/A       1%          5
 Corpse Rot               Necr/Air       N/A        N/A       2%          2
 Poisonous Vapours        Pois/Air       48%        N/A       2%          2
 Searing Ray              Conj           48%        3d5       2%          2
 Static Discharge         Conj/Air       24%        N/A       2%          2
 Sublimation of Blood     Necr           12%        N/A       2%          2
 Fulminant Prism          Conj/Hex       27%        3d14      2%          4
 Conjure Flame            Conj/Fire      24%        6-21      5%          3
 Frozen Ramparts          Ice            48%        1d6       5%          3
 Gell's Gravitas          Tloc           12%        N/A       5%          3
 Ignite Poison            Fire/Tmut/Pois 24%        N/A       5%          3
 Lesser Beckoning         Tloc           12%        N/A       5%          3
 Mephitic Cloud           Conj/Pois/Air  24%        N/A       5%          3
 Ozocubu's Armour         Ice            24%        N/A       5%          3
 Swiftness                Air            24%        N/A       5%          3
 Teleport Other           Tloc           24%        N/A       5%          3
 Silence                  Hex/Air        27%        N/A       6%          5
 Yara's Violent Unravell  Hex/Tmut       27%        3d12      6%          5
 Airstrike                Air            12%        N/A       19%         4
 Dispel Undead            Necr           24%        3d12      19%         4
 Hailstorm                Conj/Ice       24%        3d7       19%         4
 Ice Form                 Ice/Tmut       24%        N/A       19%         4
 Sticky Flame             Conj/Fire      24%        2d5       19%         4
 Alistair's Intoxication  Tmut/Pois      16%        N/A       45%         5
 Blade Hands              Tmut           12%        N/A       45%         5
 Bolt of Magma            Conj/Fire/Erth 12%        4d8       45%         5
 Borgnjor's Vile Clutch   Necr/Erth      12%        N/A       45%         5
 Excruciating Wounds      Necr           12%        N/A       45%         5
 Fireball                 Conj/Fire      12%        3d7       45%         5
 Freezing Cloud           Conj/Ice/Air   12%        6-21      45%         5
 Iskenderun's Battlesphe  Conj           24%        2d8       45%         5
 Lightning Bolt           Conj/Air       12%        1d25      45%         5
 Manifold Assault         Tloc           24%        N/A       45%         5
 Malign Gateway           Summ/Tloc      32%        N/A       54%         7
 Spellforged Servitor     Conj/Summ      32%        N/A       54%         7
 Discord                  Hex            37%        N/A       86%         8
 Conjure Ball Lightning   Conj/Air       12%        3x3d6     95%         6
 Dispersal                Tloc           12%        N/A       95%         6
 Eringya's Noxious Bog    Tmut/Pois      12%        N/A       95%         6
 Iron Shot                Conj/Erth      12%        9d3       95%         6
 Starburst                Conj/Fire      12%        8x6d5     95%         6
 Ozocubu's Refrigeration  Ice            12%        4d7       100%        7
 Borgnjor's Revivificati  Necr           12%        N/A       100%        8
 Disjunction              Tloc           12%        N/A       100%        8
 Ignition                 Fire           12%        3d6       100%        8
 Infestation              Necr           12%        N/A       100%        8
 Maxwell's Capacitive Co  Air            12%        ∞         100%        8
 Necromutation            Tmut/Necr      12%        N/A       100%        8
 Chain Lightning          Conj/Air       12%        3d16      100%        9
 Death's Door             Necr           12%        N/A       100%        9


Dungeon Overview and Level Annotations

Branches:
Dungeon (15/15)            Temple (1/1) D:7            Lair (6/6) D:8
 Shoals (4/4) Lair:3        Snake (4/4) Lair:2        Slime (0/5) Lair:6
    Orc (2/2) D:12            Elf (3/3) Orc:2        Vaults (4/5) D:13
  Crypt (0/3) Vaults:2     Depths (5/5) D:15        Ossuary (visited)
 Bailey (visited)
    Zot: Depths:5

Altars:
Ashenzari
Cheibriados
Dithmenos
Elyvilon
Fedhas
Gozag
Hepliaklqana
Kikubaaqudgha
Makhleb
Nemelex Xobeh
Okawaru
Qazlal
Ru
Sif Muna
Trog
Uskayaw
Vehumet
Wu Jian
Xom
Yredelemnul
Zin
The Shining One
Beogh
Jiyva
Lugonu

Shops:
D:2 *(?*?   D:6 [   D:7 ?   D:11 [   Orc:1 !   Orc:2 ([((   Elf:1 *
Elf:3 *[*(   Shoals:3 *   Snake:1 =:=(   Snake:2 ?([(   Snake:3 [   Snake:4 !
Depths:1 (   Depths:5 (

Portals:
Hell: Depths:1 Depths:2 Depths:3 Depths:4 Depths:5
Abyss: D:4 Depths:1 Depths:4
Pandemonium: Depths:3 Depths:5

Annotations:
D:11 2 transporters, gimp's ghost, journeyman FoMo
Lair:6 1 runed translucent door
Snake:4 Roxanne
Elf:2 3 runed translucent doors
Vaults:3 3 runed translucent doors, Angmar's ghost, veteran DrAE; Getoffmy's ghost, veteran GrFi; Yloucecuu's ghost, veteran SpEn; indyram44's ghost, adept DsGl


Innate Abilities, Weirdness & Mutations

You are small and have problems with some larger weapons.
You are completely attuned to the shadows.


Message History

You feel your power leaking away.
You hit the spriggan berserker but do no damage.
The spriggan berserker is lightly wounded.
You closely miss the spriggan berserker.
The spriggan berserker is lightly wounded.
The polar bear misses you. You block the polar bear's attack.
The polar bear completely misses you.
You block the spriggan berserker's attack.
You hit the spriggan berserker but do no damage.
The spriggan berserker is lightly wounded.
You hit the spriggan berserker but do no damage.
The spriggan berserker is lightly wounded.
The spriggan berserker barely misses you.
The polar bear bites you. You block the polar bear's attack.
The polar bear misses you.
You hit the spriggan berserker but do no damage.
The spriggan berserker is lightly wounded.
You hit the spriggan berserker but do no damage.
The spriggan berserker is lightly wounded.
The spriggan berserker barely misses you.
You hit the spriggan berserker but do no damage.
The spriggan berserker is lightly wounded.
You block the polar bear's attack. x2; The polar bear completely misses you.
You hit the spriggan berserker but do no damage.
The spriggan berserker is lightly wounded.
The spriggan berserker closely misses you.
You hit the spriggan berserker but do no damage.
You block the polar bear's attack. The polar bear closely misses you.
The polar bear barely misses you.
You miss the spriggan berserker.
The spriggan berserker hits you with a +1 antimagic broad axe!!!
* * * LOW HITPOINT WARNING * * *
You feel your power leaking away.
You hit the spriggan berserker but do no damage.
The polar bear misses you. The polar bear closely misses you.
You block the polar bear's attack.
You hit the spriggan berserker but do no damage.
The spriggan berserker hits you with a +1 antimagic broad axe!!
You die...
Your body rises from the dead as a mindless zombie.

.......#Z.#...# ......### #.
##..[.##Z.#...# ..###...# #.
.####..n..#...# ## +...# #.
#...#####.#...# #### ##...# ##
##......###...###..... ##....#
.###.....##.)[##.....###..####
...##.......⌠.......##.......#
#####..⌠....[.).i⌠..#####....###
#....(..)..#.#..@.......###..#..
).)....).#######h.........'..').
##)....)[# #.......####..#)##
###..⌠..## ##..⌠..# #....#..#
#....)..# #.......###.##..Z
.#......# #).....#..'.....Z
###.....# #.....#####.....h
..#..⌠..# #..⌠..#...Z.##..#
..#.....# #.....#...Z.W#..#


You could see a spriggan berserker (berserk, regenerating, strong-willed) and a
polar bear (summoned, berserk).

Vanquished Creatures
  A pandemonium lord (Zig:1)
  4 juggernauts
  3 caustic shrikes (Depths:5)
  A tentacled monstrosity (Depths:4)
  A deep elf blademaster (Elf:3)
  A titan (Depths:3)
  Gastronok (Lair:3)
  2 tengu reavers
  A shadow dragon (Depths:4)
  2 nagarajas
  7 fire giants
  9 frost giants
  A balrug (Depths:1)
  A deep elf elementalist (Elf:3)
  A draconian scorcher (Depths:5)
  8 vault wardens
  2 spectral caustic shrikes (Depths:5)
  A caustic shrike zombie (Depths:3)
  A caustic shrike skeleton (Depths:3)
  8 stone giants
  9 ironbound preservers
  A spriggan defender (Depths:3)
  9 very ugly things
  4 vampire knights
  2 deep elf demonologists (Elf:3)
  A black draconian (Depths:5)
  A green draconian (Depths:5)
  3 entropy weavers
  A spark wasp (Depths:4)
  A purple draconian (Depths:5)
  A deep elf annihilator (Elf:3)
  4 deep elf death magi (Elf:3)
  8 great orbs of eyes
  10 ettins
  10 fire dragons
  3 ice dragons
  7 yaktaur captains
  8 hydras
  3 ironbound thunderhulks
  2 boulder beetles
  An anaconda (shapeshifter) (Vaults:2)
  A salamander tyrant (Depths:4)
  3 vault guards
  2 peacekeepers
  2 naga warriors (Snake:4)
  An ironbound frostheart (Vaults:4)
  A rakshasa (Depths:3)
  5 centaur warriors
  An ogre mage (Vaults:3)
  Erica (D:10)
  A catoblepas (Lair:6)
  3 anacondas
  2 merfolk avatars (Shoals:1)
  2 satyrs (Shoals:2)
  A spriggan air mage (Depths:5)
  8 dancing weapons
  3 two-headed ogres
  6 deep troll earth magi
  2 alligator snapping turtles
  4 deep troll shamans
  4 naga sharpshooters
  2 spriggan berserkers
  4 hell knights
  Urug (Orc:2)
  9 deep elf knights
  2 tengu warriors (D:13)
  6 shock serpents
  A sun demon (Depths:1)
  A soul eater (Zig:2)
  7 sea snakes
  3 iron trolls
  A shadow wraith (Zig:2)
  40 deep trolls
  A flayed ghost (Depths:5)
  A salamander mystic (Depths:4)
  3 naga ritualists
  2 glowing orange brains (Depths:3)
  A bog body (Shoals:2)
  8 wizards
  A tengu zombie (Vaults:1)
  5 necromancers
  12 ironbound convokers
  14 deep elf zephyrmancers
  3 deep elf archers
  A golden dragon skeleton (Depths:3)
  4 harpies (Shoals:4)
  13 deep elf pyromancers
  A phantasmal warrior (Vaults:3)
  2 orc knights (Vaults:1)
  4 fauns
  18 ugly things
  2 mana vipers
  A fire giant zombie (Vaults:1)
  13 salamanders
  10 manticores
  An orc sorcerer (Orc:2)
  4 elephants
  5 merfolk sirens
  9 cyclopes
  A guardian serpent (Snake:4)
  11 vault sentinels
  8 naga magi
  30 black mambas
  A smoke demon (Depths:1)
  2 water nymphs
  2 molten gargoyles
  A gargoyle (D:12)
  An elf zombie (Vaults:1)
  A kobold demonologist (Depths:1)
  14 yaktaurs
  3 rime drakes
  11 cane toads
  3 tengu conjurers
  13 komodo dragons
  5 trolls
  5 polar bears
  4 hornets
  3 wind drakes
  13 merfolk
  2 nameless horrors
  5 blink frogs
  16 slime creatures
  3 snapping turtles
  A raiju (shapeshifter) (Depths:4)
  3 dream sheep
  2 wyverns
  2 tarantellas
  A shadow (D:12)
  A snapping turtle (shapeshifter) (Depths:5)
  An air elemental (Elf:1)
  A hog (D:15)
  2 spriggans (Lair:6)
  A vampire (D:12)
  9 water elementals
  12 yaks
  A basilisk (Lair:6)
  3 wraiths
  2 steam dragons
  5 humans (D:13)
  A chaos spawn (Depths:3)
  2 vampire mosquitoes
  15 nagas
  6 water moccasins
  A floating eye (Depths:4)
  A hell hound (D:14)
  5 orc warriors
  A sky beast (D:6)
  2 black bears
  8 ice beasts
  An ogre (D:5)
  8 wolves
  4 boggarts
  2 centaurs
  5 kobold brigands
  14 bullfrogs
  A glowing shapeshifter simulacrum (Vaults:1)
  2 human simulacra (Vaults:1)
  4 earth elementals
  3 scorpions
  A wight (D:6)
  7 killer bees
  3 howler monkeys
  2 jellies
  3 hounds
  10 orc priests
  A gnoll shaman (D:3)
  A bullfrog skeleton (D:6)
  5 orc wizards
  2 hell rats (Lair:5)
  A mummy (Ossuary)
  4 gnolls
  7 adders
  A white imp (D:7)
  A hornet zombie (Depths:4)
  A dart slug (D:1)
  22 orcs
  A ball python (D:3)
  2 bats (D:2)
  2 endoplasms (D:3)
  3 giant cockroaches
  6 goblins
  8 hobgoblins
  16 kobolds
  A quokka (D:4)
  2 frilled lizards
  A rat (D:2)
819 creatures vanquished.

Vanquished Creatures (collateral kills)
  2 juggernauts
  Vashnia (Snake:4)
  Margery (Vaults:3)
  2 golden dragons
  Nikola (Vaults:1)
  Jorgrun (Shoals:1)
  3 tentacled monstrosities
  2 liches
  A deep elf master archer (Elf:3)
  A deep elf blademaster (Elf:3)
  A sphinx (Depths:3)
  2 shadow dragons
  2 tengu reavers
  Kirke (D:15)
  A storm dragon (Depths:5)
  2 fire giants (Vaults:2)
  4 nagarajas (Snake:4)
  An orc warlord (Vaults:1)
  An iron dragon (Depths:3)
  4 vault wardens
  Louise (Elf:1)
  2 deep elf sorcerers
  2 spectral caustic shrikes (Depths:5)
  A draconian scorcher (Depths:5)
  Aizul (Snake:2)
  4 deep elf elementalists (Elf:3)
  8 very ugly things
  4 vampire knights
  12 ironbound preservers
  2 spriggan defenders
  Azrael (D:14)
  3 deep elf demonologists (Elf:3)
  3 stone giants
  A green draconian (Depths:5)
  5 deep elf annihilators
  2 entropy weavers
  Nessos (Lair:6)
  A yellow draconian (Depths:5)
  2 spark wasps (Depths:4)
  A red draconian (Depths:5)
  A dire elephant (D:15)
  6 merfolk javelineers (Shoals:4)
  A purple draconian (Depths:5)
  6 deep elf death magi (Elf:3)
  4 ettins
  5 yaktaur captains
  2 merfolk impalers (Shoals:3)
  2 fire dragons
  4 deep elf high priests
  7 naga warriors
  2 great orbs of eyes
  2 ironbound thunderhulks
  7 vault guards
  2 ice dragons
  4 salamander tyrants
  6 hydras
  A spriggan air mage (Depths:3)
  An alligator snapping turtle (Shoals:3)
  16 anacondas
  A rakshasa (Depths:4)
  2 satyrs (Shoals:3)
  A hell beast (Depths:3)
  A two-headed ogre (D:11)
  A vampire mage (Vaults:2)
  4 centaur warriors
  6 deep troll earth magi
  A two-headed ogre (shapeshifter) (Depths:3)
  5 deep troll shamans
  5 merfolk aquamancers
  A merfolk avatar (Shoals:3)
  5 ironbound frosthearts
  2 dancing weapons
  A spriggan berserker (Depths:4)
  A tengu warrior (D:14)
  4 orc high priests
  11 shock serpents
  11 naga sharpshooters
  8 hell knights
  4 deep elf knights
  An iron troll (Depths:5)
  A skeletal warrior (Vaults:2)
  4 salamander mystics
  29 deep trolls
  3 flayed ghosts
  6 sea snakes
  7 deep elf archers
  2 glowing orange brains
  2 wizards (D:13)
  A lindwurm (shapeshifter) (Vaults:2)
  5 necromancers
  9 harpies
  7 orc knights
  3 bog bodies (Shoals:2)
  15 mana vipers
  11 naga ritualists
  6 ironbound convokers
  7 deep elf pyromancers
  14 deep elf zephyrmancers
  22 ugly things
  8 manticores
  2 cyclopes
  2 human zombies
  3 orc sorcerers (Orc:2)
  A wolf spider (D:15)
  4 elephants
  20 salamanders
  6 fauns
  5 merfolk sirens
  A frost giant skeleton (Vaults:1)
  3 water nymphs (Shoals:4)
  32 black mambas
  4 vault sentinels
  A black mamba (shapeshifter) (D:14)
  A fire giant skeleton (Vaults:3)
  An ice statue (Lair:3)
  4 cane toads
  A smoke demon (Depths:3)
  10 naga magi
  14 guardian serpents
  2 unseen horrors
  2 gargoyles
  A komodo dragon (Lair:1)
  8 yaktaurs
  3 rime drakes
  2 ice devils
  A tengu conjurer (Depths:3)
  5 polar bears
  A red devil (Depths:3)
  A tengu simulacrum (Vaults:3)
  A troll (D:13)
  A wind drake (Shoals:1)
  16 merfolk
  5 hornets
  7 slime creatures
  10 blink frogs
  6 dream sheep
  5 snapping turtles (Shoals:3)
  An ettin zombie (Vaults:1)
  A harpy skeleton (Vaults:1)
  A flying skull (Vaults:2)
  2 air elementals
  A wraith (D:14)
  A vampire (D:12)
  An elf skeleton (Vaults:1)
  A shadow (D:10)
  16 spriggans
  A wyvern (Lair:6)
  17 water elementals
  26 yaks
  An elf zombie (Depths:3)
  5 fire elementals (D:14)
  An elf simulacrum (Vaults:1)
  13 humans (D:13)
  8 basilisks
  A hog (D:15)
  8 vampire mosquitoes
  37 nagas
  3 wargs
  4 water moccasins
  2 acid dragons
  4 human skeletons
  7 ice beasts
  5 black bears
  A necrophage (D:4)
  2 boggarts (Lair:6)
  13 wolves
  4 ogres
  17 orc warriors
  2 centaurs
  6 bullfrogs
  2 earth elementals (Elf:3)
  A gnoll sergeant (D:6)
  3 killer bees (D:10)
  4 howler monkeys
  4 wights (D:6)
  6 centaur zombies
  2 lava snakes (D:10)
  10 orc priests
  2 hounds
  A jelly (D:7)
  A gnoll shaman (D:8)
  A bullfrog skeleton (D:5)
  13 orc wizards
  5 hell rats (Lair:5)
  A killer bee zombie (D:8)
  6 nameless horrors
  2 howler monkey zombies (D:8)
  10 gnolls
  3 adders
  A shadow imp (D:6)
  3 white imps (Lair:3)
  A black mamba zombie (Snake:2)
  An adder skeleton (D:4)
  23 orcs
  4 ball pythons
  4 endoplasms
  2 giant cockroaches
  4 hobgoblins
  3 quokkas
  2 bats (D:3)
  A frilled lizard (D:3)
  7 goblins
  5 kobolds
  A naga zombie (Snake:4)
  2 rats
  A bush (Lair:2)
955 creatures vanquished.

Vanquished Creatures (others)
  2 profane servitors
  5 bone dragons
  A lich (Depths:3)
  A vault warden (Vaults:1)
  9 ghouls
  8 vampire knights
  A deep elf knight (Elf:2)
  10 skeletal warriors
  6 flayed ghosts
  2 phantasmal warriors
  2 juggernaut zombies
  6 flying skulls
  11 vampires
  3 wraiths
  2 nagas (Snake:4)
  2 very ugly thing zombies
  A spark wasp zombie (Depths:4)
  A shadow dragon zombie (Depths:5)
  A golden dragon zombie (Depths:4)
  5 anaconda zombies
  2 wights (Lair:5)
  2 anaconda skeletons (Snake:3)
  3 frost giant zombies
  A shock serpent skeleton (Snake:3)
  A stone giant zombie (Depths:1)
  A yellow draconian zombie (Depths:5)
  A sea snake zombie (Shoals:4)
  3 ugly thing zombies
  4 harpy zombies
  An ice dragon zombie (Depths:3)
  10 human zombies
  An iron troll zombie (Depths:5)
  23 black mamba zombies
  An ettin zombie (Depths:3)
  4 fire dragon zombies
  A satyr zombie (Shoals:3)
  A green draconian zombie (Depths:5)
  A dwarf zombie (Shoals:1)
  2 ghoul skeletons
  2 guardian serpent zombies (Snake:3)
  7 shock serpent zombies
  2 black mamba skeletons
  A spriggan skeleton (Depths:5)
  A guardian serpent skeleton (Snake:3)
  A wind drake zombie (Shoals:4)
  10 cane toad zombies
  3 dream sheep zombies
  11 deep troll zombies
  3 hydra zombies
  A water nymph zombie (Shoals:2)
  3 snapping turtle zombies
  2 vampire mosquito zombies (D:12)
  7 bullfrog zombies
  A wolf skeleton (Lair:6)
  7 wolf zombies
  A centaur zombie (Shoals:4)
  7 elf zombies (Elf:3)
  2 hornet zombies
  5 blink frog zombies
  An elephant zombie (Lair:6)
  3 faun zombies (Shoals:3)
  4 manticore zombies
  9 merfolk zombies
  8 salamander zombies
  3 spriggan zombies (Depths:4)
  4 tengu zombies
  3 komodo dragon zombies
  A polar bear skeleton (Lair:6)
  2 rime drake zombies
  2 yaktaur zombies
  3 naga skeletons (Snake:4)
  2 cyclops zombies
  An orc (D:4)
  4 basilisk zombies
  4 polar bear zombies
  A black bear skeleton (Lair:6)
  2 dwarf skeletons (Depths:1)
  3 howler monkey zombies (D:14)
  A killer bee zombie (D:10)
  A kobold zombie (D:9)
  26 naga zombies
  3 ogre zombies
  7 orc zombies
  A water moccasin zombie (Lair:2)
  7 yak zombies
  78 fungi
  2 lurking horrors (D:4)
  348 plants
  2 withered plants (Vaults:3)
755 creatures vanquished.

Grand Total: 2529 creatures vanquished

Notes
Turn   | Place    | Note
-------+----------+-------------------------------------------
     0 | D:1      | bilbop the Kobold Summoner began the quest for the Orb.
     0 | D:1      | Reached XP level 1. HP: 10/10 MP: 3/3
   401 | D:1      | Reached XP level 2. HP: 16/16 MP: 0/5
   970 | D:2      | Found Byxzoag's Magic Scroll Shoppe.
   979 | D:2      | Bought a scroll of identify for 24 gold pieces
  1062 | D:2      | Reached skill level 1 in Fighting
  1062 | D:2      | Reached skill level 1 in Short Blades
  1062 | D:2      | Reached skill level 3 in Stealth
  1062 | D:2      | Reached XP level 3. HP: 20/20 MP: 6/6
  1083 | D:2      | Learned a level 2 spell: Call Imp
  1145 | D:2      | Found Keda's Weapon Shop.
  1229 | D:2      | Found Elaomi's Magic Scroll Shoppe.
  1256 | D:2      | Found Maunloa's Assorted Antiques.
  1462 | D:2      | Found Repec's Assorted Antiques.
  1972 | D:3      | Reached XP level 4. HP: 8/25 MP: 1/7
  2251 | D:3      | Found a white marble altar of Elyvilon.
  2823 | D:3      | Reached XP level 5. HP: 29/29 MP: 9/9
  2947 | D:3      | You fall into a shaft and drop 3 floors!
  2957 | D:6      | Noticed an ice beast
  3172 | D:6      | Noticed an ogre
  3192 | D:6      | Killed an ogre
  3193 | D:6      | Reached skill level 4 in Stealth
  3205 | D:5      | Entered Level 5 of the Dungeon
  3309 | D:4      | Found a sand-covered staircase.
  3313 | Ossuary  | Entered an ossuary
  3606 | D:4      | Noticed an ogre
  3660 | D:4      | Reached XP level 6. HP: 35/35 MP: 10/10
  3804 | D:3      | Learned a level 3 spell: Call Canine Familiar
  4281 | D:4      | Found a one-way gate to the infinite horrors of the Abyss.
  4281 | D:4      | Found a corrupted altar of Lugonu.
  4632 | D:4      | Noticed a necrophage
  4640 | D:4      | Killed a necrophage
  4641 | D:4      | Reached XP level 7. HP: 40/40 MP: 3/12
  4825 | D:4      | Reached skill level 5 in Summonings
  5171 | D:5      | Reached skill level 5 in Stealth
  5300 | D:5      | Noticed a water moccasin
  5384 | D:5      | Killed a water moccasin
  5536 | D:5      | Reached XP level 8. HP: 46/46 MP: 9/13
  5902 | D:5      | Reached skill level 5 in Dodging
  6182 | D:5      | Found a sacrificial altar of Ru.
  6320 | D:6      | Reached skill level 6 in Stealth
  6490 | D:2      | Bought a colourful robe for 159 gold pieces
  6490 | D:2      | Identified the +5 robe of the Eight Boll Weevils {Dex+5}
                  | (You bought it in a shop on level 2 of the Dungeon)
  6721 | D:6      | Found Goczan's Antique Armour Shoppe.
  6778 | D:6      | Reached skill level 5 in Short Blades
  6962 | D:6      | Reached XP level 9. HP: 45/51 MP: 7/15
  7690 | D:7      | Found Rozimn's Magic Scroll Emporium.
  7990 | D:7      | Found a staircase to the Ecumenical Temple.
  7995 | D:7      | Reached skill level 7 in Stealth
  7995 | D:7      | Reached skill level 5 in Spellcasting
  7997 | Temple   | Entered the Ecumenical Temple
  8221 | Temple   | Became a worshipper of Yredelemnul the Dark
  8847 | D:8      | Found a flagged portal.
  8875 | Bailey   | Entered a bailey
  9033 | Bailey   | Found a runed translucent gate.
  9033 | Bailey   | Found a runed translucent gate.
  9035 | Bailey   | Found a runed translucent gate.
  9064 | Bailey   | Reached skill level 1 in Invocations
  9107 | Bailey   | Noticed an orc warlord
  9270 | D:8      | Reached skill level 5 in Fighting
  9398 | D:8      | Reached skill level 1 in Shields
  9416 | D:8      | Noticed a komodo dragon
  9449 | D:8      | Killed a komodo dragon
  9449 | D:8      | Reached * piety under Yredelemnul
  9929 | D:8      | Reached XP level 10. HP: 58/59 MP: 15/18
 10000 | D:8      | Found a staircase to the Lair.
 10050 | D:8      | Found a snail-covered altar of Cheibriados.
 10079 | D:8      | Found a hide-covered altar of Uskayaw.
 10468 | D:2      | Bought a thin brass amulet for 140 gold pieces
 10685 | D:9      | Noticed a two-headed ogre
 10699 | D:9      | Killed a two-headed ogre
 10700 | D:9      | Reached skill level 8 in Stealth
 11293 | D:9      | Found a glowing silver altar of Zin.
 11732 | D:10     | Entered Level 10 of the Dungeon
 11788 | D:10     | Noticed Erica
 11816 | D:10     | Killed Erica
 11884 | D:10     | Noticed a centaur warrior
 11884 | D:10     | Noticed a manticore
 12210 | D:10     | Noticed a gargoyle
 12514 | D:11     | Noticed a two-headed ogre
 12522 | D:11     | Killed a two-headed ogre
 12523 | D:11     | Reached skill level 9 in Stealth
 12769 | D:11     | Noticed a two-headed ogre
 12778 | D:11     | Killed a two-headed ogre
 12779 | D:11     | Reached XP level 11. HP: 66/66 MP: 16/20
 12985 | D:11     | Identified the +3 short sword of Sunlight {speed, rF- Str+6
                  | Dex+8}
 13113 | D:11     | Found Voochoc's Antique Armour Shoppe.
 13142 | D:11     | Found a transporter.
 13146 | D:11     | Noticed a centaur warrior
 13147 | D:11     | Noticed gimp's ghost (journeyman FoMo)
 13170 | D:11     | Found a transporter.
 13176 | D:11     | Noticed a fire giant
 13201 | D:11     | Noticed a two-headed ogre
 13205 | D:11     | Killed a two-headed ogre
 13205 | D:11     | Reached ** piety under Yredelemnul
 13213 | D:11     | Noticed a four-headed hydra
 13217 | D:11     | Killed a four-headed hydra
 13409 | Lair:1   | Entered Level 1 of the Lair of Beasts
 13474 | Lair:1   | Noticed a six-headed hydra
 13486 | Lair:1   | Killed a six-headed hydra
 13487 | Lair:1   | Reached skill level 5 in Invocations
 13680 | Lair:1   | Reached skill level 10 in Stealth
 13730 | Lair:1   | Noticed a seven-headed hydra
 13745 | Lair:1   | Killed a seven-headed hydra
 14052 | Lair:1   | Reached XP level 12. HP: 72/72 MP: 22/22
 14207 | Lair:1   | Reached skill level 5 in Shields
 14248 | Lair:1   | Reached *** piety under Yredelemnul
 14297 | Lair:1   | Identified the +8 flail of Midnight {flame, rN+ rCorr
                  | Dex+4}
 14711 | Lair:2   | Noticed an eight-headed hydra
 14729 | Lair:2   | Killed an eight-headed hydra
 15016 | Lair:2   | Found a staircase to the Snake Pit.
 15404 | Lair:2   | Noticed a four-headed hydra
 15425 | Lair:2   | Killed a four-headed hydra
 15430 | Lair:2   | Reached skill level 11 in Stealth
 15770 | Lair:2   | Learned a level 2 spell: Blink
 16672 | Lair:3   | Reached **** piety under Yredelemnul
 16767 | Lair:3   | Noticed Gastronok
 16795 | Lair:3   | Killed Gastronok
 16796 | Lair:3   | Reached XP level 13. HP: 72/78 MP: 14/25
 16799 | Lair:3   | Reached skill level 10 in Short Blades
 16821 | Lair:3   | Learned a level 4 spell: Summon Lightning Spire
 16948 | Lair:3   | Found a gate leading to a gauntlet.
 16969 | Lair:3   | Found a staircase to the Shoals.
 17170 | Lair:3   | Noticed a boulder beetle
 17194 | Lair:3   | Killed a boulder beetle
 17486 | Lair:4   | Noticed a seven-headed hydra
 17489 | Lair:4   | Received a gift from Yredelemnul (a wight)
 17913 | Lair:4   | Killed a seven-headed hydra
 17983 | Lair:4   | Received a gift from Yredelemnul (a wight)
 18598 | Lair:5   | Noticed a six-headed hydra
 18619 | Lair:5   | Killed a six-headed hydra
 18641 | Lair:5   | Reached skill level 10 in Dodging
 19010 | Lair:5   | Received a gift from Yredelemnul (a wraith)
 19195 | Lair:5   | Noticed a four-headed hydra
 19210 | Lair:5   | Killed a four-headed hydra
 19210 | Lair:5   | Received a gift from Yredelemnul (a wraith)
 19220 | Lair:5   | Reached skill level 12 in Stealth
 19726 | Lair:6   | Entered Level 6 of the Lair of Beasts
 19726 | Lair:6   | Noticed a five-headed hydra
 19729 | Lair:6   | Killed a five-headed hydra
 19813 | Lair:6   | Reached ***** piety under Yredelemnul
 19820 | Lair:6   | Noticed a four-headed hydra
 20164 | Lair:6   | Received a gift from Yredelemnul (a vampire)
 20458 | Lair:6   | Noticed Nessos
 20603 | Lair:6   | Reached XP level 14. HP: 86/86 MP: 26/26
 20892 | Lair:6   | Received a gift from Yredelemnul (3 flying skulls)
 21126 | Lair:6   | Received a gift from Yredelemnul (a vampire)
 21831 | Lair:6   | Found a runed translucent door.
 21831 | Lair:6   | Found a viscous altar of Jiyva.
 21832 | Lair:6   | Found a staircase to the Slime Pits.
 21832 | Lair:6   | Noticed an acid blob
 21863 | Lair:6   | Killed Nessos
 22697 | D:2      | Bought a scroll of acquirement for 624 gold pieces
 22699 | D:2      | Acquired 888 gold pieces
 23296 | D:10     | Found a burning altar of Makhleb.
 23647 | D:10     | Received a gift from Yredelemnul (a vampire)
 24033 | D:12     | Reached skill level 10 in Summonings
 24386 | D:12     | Received a gift from Yredelemnul (a skeletal warrior)
 24484 | D:12     | Found a staircase to the Orcish Mines.
 24613 | D:12     | Reached skill level 13 in Stealth
 25257 | Orc:1    | Entered Level 1 of the Orcish Mines
 25392 | Orc:1    | Received a gift from Yredelemnul (a wraith)
 25415 | Orc:1    | Reached skill level 10 in Fighting
 25725 | Orc:1    | Found Juukhlazuw's Distillery.
 27207 | D:13     | Received a gift from Yredelemnul (3 flying skulls)
 27218 | D:13     | Identified the amulet of Lohaet {Faith rPois rC++ Str-3}
 27236 | D:13     | Found a gate to the Vaults.
 27266 | D:13     | Reached XP level 15. HP: 89/92 MP: 25/28
 27805 | D:13     | Received a gift from Yredelemnul (a skeletal warrior)
 28458 | Lair:3   | Got the Disquisition on Sinister Companions
 29358 | D:14     | Received a gift from Yredelemnul (a flayed ghost)
 29775 | D:14     | Noticed Azrael
 30218 | D:14     | Upgraded the game from 0.27-a0-1525-g1038ab4fd7 to
                  | 0.27-a0-1529-g1e82c303ef
 30250 | D:14     | Learned a level 3 spell: Summon Guardian Golem
 30319 | D:14     | Learned a level 2 spell: Ensorcelled Hibernation
 30452 | D:14     | Killed Azrael
 30453 | D:14     | Received a gift from Yredelemnul (a vampire knight)
 31313 | Orc:2    | Entered Level 2 of the Orcish Mines
 31830 | Orc:2    | Found a staircase to the Elven Halls.
 31913 | Orc:2    | Received a gift from Yredelemnul (a ghoul)
 31918 | Orc:2    | Reached skill level 10 in Spellcasting
 31976 | Orc:2    | Noticed Urug
 31986 | Orc:2    | Killed Urug
 32437 | Orc:2    | Paralysed by an orc sorcerer for 4 turns
 32447 | Orc:2    | Reached skill level 1 in Hexes
 32454 | Orc:2    | Received a gift from Yredelemnul (a vampire knight)
 32462 | Orc:2    | Your ally Urug died
 32788 | Orc:2    | Found Kasidwe's Weapon Shoppe.
 32797 | Orc:2    | Found Xugal's Armour Shop.
 32807 | Orc:2    | Found Zuuthre's Weapon Shop.
 32809 | Orc:2    | Found Bekhlaos's Antique Weapon Shoppe.
 33164 | D:15     | Entered Level 15 of the Dungeon
 33327 | D:15     | Received a gift from Yredelemnul (a flayed ghost)
 33384 | D:15     | Found a staircase to the Depths.
 33674 | D:15     | Got the Papyrus of Heat
 34011 | D:15     | Reached skill level 14 in Stealth
 34075 | D:15     | Noticed Kirke
 34084 | D:15     | Killed Kirke
 34715 | Snake:1  | Entered Level 1 of the Snake Pit
 34855 | Snake:1  | Found Udilyfaka's Weapon Shoppe.
 35190 | Snake:1  | Reached XP level 16. HP: 59/99 MP: 27/30
 35547 | Snake:1  | Found Uleitrym's Jewellery Boutique.
 35547 | Snake:1  | Found Rosado's Jewellery Boutique.
 35548 | Snake:1  | Found Eclojohinu's Book Shoppe.
 35622 | Snake:1  | Reached ****** piety under Yredelemnul
 35657 | Snake:1  | You fall into a shaft and drop 1 floor!
 35719 | Snake:2  | Got Sif Muna's Almanac of Congealing Hexes
 35724 | Snake:2  | Learned a level 3 spell: Confusing Touch
 36127 | Snake:1  | Bought the ring "Ankaolik" {Drain +Blink rPois rF+ AC+4}
                  | for 722 gold pieces
 36258 | Snake:2  | Received a gift from Yredelemnul (a vampire)
 36332 | Snake:2  | Reached skill level 10 in Shields
 36396 | Snake:2  | Found Atrij's Magic Scroll Emporium.
 36399 | Snake:2  | Found Jiuxtezetuph's Armour Shoppe.
 36399 | Snake:2  | Found Ynute's Weapon Emporium.
 36410 | Snake:2  | Found Rehyarche's Weapon Shoppe.
 36452 | Snake:2  | Received a gift from Yredelemnul (a flayed ghost)
 36501 | Snake:2  | Noticed a nagaraja
 36505 | Snake:2  | Killed a nagaraja
 36557 | Snake:2  | Reached skill level 10 in Invocations
 36835 | Snake:2  | Noticed Aizul
 36845 | Snake:2  | Killed Aizul
 37915 | Snake:3  | Received a gift from Yredelemnul (a phantasmal warrior)
 39282 | Snake:3  | Received a gift from Yredelemnul (a profane servitor)
 39641 | Snake:3  | Found Higonim's Armour Boutique.
 39953 | Snake:4  | Entered Level 4 of the Snake Pit
 40139 | Snake:4  | Received a gift from Yredelemnul (a vampire knight)
 40139 | Snake:4  | Reached XP level 17. HP: 105/105 MP: 31/31
 40620 | Snake:4  | Reached skill level 15 in Stealth
 40644 | Snake:4  | Received a gift from Yredelemnul (a vampire)
 41141 | Snake:4  | Found Awuek's Distillery.
 41551 | Snake:4  | Reached skill level 5 in Hexes
 41753 | Snake:4  | Identified Roxanne's Grimoire of the Mountains
 41753 | Snake:4  | Noticed Roxanne
 42188 | Snake:4  | Noticed Vashnia
 42201 | Snake:4  | Killed Vashnia
 43477 | Snake:4  | Identified the +5 war axe of Duyrunifa {holy, rF+ rCorr
                  | Dex-5}
 43936 | Snake:4  | Received a gift from Yredelemnul (a flayed ghost)
 44289 | Snake:4  | Got a serpentine rune of Zot
 44766 | Shoals:1 | Entered Level 1 of the Shoals
 44825 | Shoals:1 | Reached XP level 18. HP: 112/112 MP: 27/33
 44955 | Snake:3  | Bought a +0 pair of boots for 76 gold pieces
 44965 | Snake:3  | Bought the +0 cloak of Painted Music {*Corrode Regen+
                  | Int+5} for 278 gold pieces
 45282 | Shoals:1 | Noticed Jorgrun
 45367 | Shoals:1 | Received a gift from Yredelemnul (a flayed ghost)
 45483 | Shoals:1 | Identified the +2 ring mail of the Harvest {Int+3}
 45592 | Shoals:1 | Learned a level 7 spell: Summon Hydra
 45619 | Shoals:1 | Killed Jorgrun
 45920 | Shoals:1 | Your ally Jorgrun died
 46329 | Shoals:1 | Received a gift from Yredelemnul (a vampire)
 47620 | Shoals:3 | Identified the +1 scale mail of Rumob {Slay+4 Stlth+}
 47871 | Shoals:2 | Received a gift from Yredelemnul (a profane servitor)
 48136 | Shoals:3 | Received a gift from Yredelemnul (a bone dragon)
 48240 | Shoals:3 | Received a gift from Yredelemnul (a bone dragon)
 48670 | Shoals:3 | Found Myepseg's Island Escapes.
 49126 | Shoals:4 | Entered Level 4 of the Shoals
 49165 | Shoals:4 | Reached skill level 16 in Stealth
 49455 | Shoals:4 | Got a barnacled rune of Zot
 49576 | Shoals:4 | Received a gift from Yredelemnul (a vampire knight)
 50325 | Shoals:4 | Identified the ring "Vudutar" {+Blink Fly rC++} (You took
                  | it off a merfolk javelineer on level 4 of the Shoals)
 50724 | Shoals:4 | Identified the +1 scale mail "Qavouguv" {Contam Will+ rCorr
                  | Dex+4}
 51921 | Vaults:1 | Entered Level 1 of the Vaults
 51922 | Vaults:1 | Received a gift from Yredelemnul (a ghoul)
 51928 | Vaults:1 | Reached XP level 19. HP: 118/118 MP: 34/34
 52719 | Vaults:1 | Received a gift from Yredelemnul (a vampire)
 52781 | Vaults:1 | Reached skill level 15 in Short Blades
 53014 | Vaults:1 | Received a gift from Yredelemnul (a skeletal warrior)
 53516 | Vaults:1 | Received a gift from Yredelemnul (a skeletal warrior)
 53858 | Vaults:1 | Received a gift from Yredelemnul (a skeletal warrior)
 54544 | Vaults:1 | Noticed Nikola
 54553 | Vaults:1 | Killed Nikola
 54571 | Vaults:1 | Upgraded the game from 0.27-a0-1529-g1e82c303ef to
                  | 0.27-a0-1532-gca18f49f40
 55122 | Vaults:2 | Received a gift from Yredelemnul (a skeletal warrior)
 55527 | Vaults:2 | Found a staircase to the Crypt.
 55921 | Vaults:2 | Received a gift from Yredelemnul (a ghoul)
 56238 | Vaults:2 | Reached skill level 17 in Stealth
 57160 | Vaults:2 | Received a gift from Yredelemnul (a bone dragon)
 57357 | Vaults:2 | Found the +8 glaive of the Guard {elec, spectral, AC+5}
 57597 | Vaults:2 | Reached XP level 20. HP: 125/125 MP: 29/36
 58296 | Vaults:2 | Received a gift from Yredelemnul (a vampire knight)
 60642 | Vaults:3 | Found a runed translucent gate.
 60642 | Vaults:3 | Found a runed translucent gate.
 60642 | Vaults:3 | Found a runed translucent gate.
 60643 | Vaults:3 | Noticed Getoffmy's ghost (veteran GrFi)
 60644 | Vaults:3 | Noticed Angmar's ghost (veteran DrAE)
 60646 | Vaults:3 | Noticed indyram44's ghost (adept DsGl)
 60647 | Vaults:3 | Found the ring of Shadows {Umbra +Inv Stlth+}
 60662 | Vaults:3 | Noticed Yloucecuu's ghost (veteran SpEn)
 61300 | Vaults:3 | Reached skill level 15 in Dodging
 61612 | Vaults:3 | Got Sif Muna's Disquisition on Summoning
 62883 | Vaults:4 | Received a gift from Yredelemnul (a vampire knight)
 63676 | Vaults:4 | Noticed a golden dragon
 63685 | Vaults:4 | Killed a golden dragon
 63698 | Vaults:4 | Noticed Margery
 63864 | Vaults:3 | Killed Margery
 63972 | Vaults:3 | Reached XP level 21. HP: 110/132 MP: 38/38
 64019 | Vaults:3 | Received a gift from Yredelemnul (a ghoul)
 64170 | Vaults:4 | Reached skill level 18 in Stealth
 64393 | Vaults:4 | Received a gift from Yredelemnul (a vampire)
 65615 | Vaults:4 | Received a gift from Yredelemnul (a skeletal warrior)
 66186 | Elf:1    | Entered Level 1 of the Elven Halls
 66242 | Elf:1    | Identified the +0 tower shield of Pynoho Qeaf {Will+ Int+5}
 66242 | Elf:1    | Noticed Louise
 66250 | Elf:1    | Killed Louise
 66413 | Elf:1    | Paralysed by an air elemental for 1 turns
 66549 | Elf:1    | Received a gift from Yredelemnul (a skeletal warrior)
 67045 | Elf:1    | Received a gift from Yredelemnul (a ghoul)
 67246 | Elf:1    | Received a gift from Yredelemnul (a ghoul)
 67422 | Elf:1    | Found Kuegotzi's Assorted Antiques.
 68546 | Elf:2    | Received a gift from Yredelemnul (a vampire)
 69232 | Elf:2    | Found a runed translucent gate.
 69233 | Elf:2    | Found a runed translucent gate.
 69234 | Elf:2    | Found a runed translucent gate.
 69706 | Elf:3    | Entered Level 3 of the Elven Halls
 70078 | Elf:3    | Found Xenod's Weapon Shop.
 70291 | Elf:3    | Received a gift from Yredelemnul (a vampire knight)
 70509 | Elf:3    | Found Zosalit's Assorted Antiques.
 70586 | Elf:3    | Found Otuivekk's General Store.
 70592 | Elf:3    | Found Poleyvec's Armour Boutique.
 70598 | Elf:3    | Noticed a Brimstone Fiend
 70604 | Elf:3    | Reached XP level 22. HP: 136/137 MP: 39/39
 71217 | Elf:3    | Received a gift from Yredelemnul (a skeletal warrior)
 71268 | Elf:3    | Identified the +5 flail "Reigir" {venom, Dex+3}
 71321 | Elf:3    | Identified the +5 whip "Ucigokof" {holy, *Corrode rElec
                  | Dex+3 SInv}
 71871 | Elf:3    | Got the Grimoire of Heat and Lightness
 71874 | Elf:3    | Got the Guide on the Quantum Birds
 71936 | Elf:3    | Got the Guide on Hexes
 71940 | Elf:3    | Identified the +1 helmet of Neoheikh {Will++ rCorr Int+3
                  | Dex+3}
 71964 | Elf:3    | Identified the +0 swamp dragon scales "Nydeorgh" {rPois
                  | Will+ Int+3 Dex-3}
 71970 | Elf:3    | Got the Grimoire of Execration and Feathers
 72575 | D:15     | Learned a level 5 spell: Summon Forest
 72576 | Depths:1 | Entered Level 1 of the Depths
 72702 | Depths:1 | Found Vuej's Weapon Boutique.
 72773 | Depths:1 | Found a shimmering blue altar of Sif Muna.
 72817 | Depths:1 | Found a gateway to a ziggurat.
 72869 | Depths:1 | Reached skill level 1 in Evocations
 73378 | Depths:1 | Reached skill level 19 in Stealth
 73455 | Depths:1 | Reached skill level 15 in Fighting
 73710 | Depths:1 | Found a gateway to Hell.
 73923 | Zig:1    | Entered Level 1 of a ziggurat
 73929 | Zig:1    | Noticed Ruets the pandemonium lord
 73951 | Zig:1    | Killed Ruets the pandemonium lord
 74006 | Zig:2    | Entered Level 2 of a ziggurat
 74321 | Depths:2 | Noticed a juggernaut
 74383 | Depths:2 | Killed a juggernaut
 74862 | Depths:2 | Received a gift from Yredelemnul (a vampire)
 75406 | Depths:2 | Identified the +4 scale mail of the Mind {Str+4 Int+4}
 76337 | Depths:3 | Found a flickering gateway to a bazaar.
 76365 | Bazaar   | Entered a bazaar
 76371 | Bazaar   | Found Mesal's Jewellery Shoppe.
 76379 | Bazaar   | Found Laqiqad's Jewellery Emporium.
 76396 | Bazaar   | Found Yxasuyr's Weapon Shoppe.
 76407 | Bazaar   | Found Galal's General Store.
 76416 | Bazaar   | Found Xauduul's General Store.
 76540 | Depths:3 | Found a white marble altar of Elyvilon.
 76629 | Depths:3 | Reached XP level 23. HP: 144/144 MP: 41/41
 76642 | Depths:3 | Noticed a juggernaut
 76644 | Depths:3 | Received a gift from Yredelemnul (a vampire)
 76646 | Depths:3 | Found the +4 skin of Zhor {*Englaciate rC+++ SInv}
 76648 | Depths:3 | Killed a juggernaut
 76660 | Depths:3 | Noticed a juggernaut
 76685 | Depths:3 | Killed a juggernaut
 76988 | Depths:2 | Received a gift from Yredelemnul (a vampire knight)
 76988 | Depths:2 | Reached skill level 5 in Evocations
 77563 | Depths:3 | Received a gift from Yredelemnul (a ghoul)
 77740 | Depths:3 | Identified the +9 hunting sling "Spiderslayer" {flame,
                  | rElec}
 77764 | Depths:3 | Found a bloodstained altar of Trog.
 77767 | Depths:3 | Found a snail-covered altar of Cheibriados.
 78123 | Depths:3 | Found a one-way gate leading to the halls of Pandemonium.
 78135 | Depths:3 | Received a gift from Yredelemnul (a bone dragon)
 78808 | Depths:4 | Received a gift from Yredelemnul (a bone dragon)
 78823 | Depths:4 | Noticed a juggernaut
 78837 | Depths:4 | Killed a juggernaut
 78838 | Depths:4 | Reached skill level 15 in Summonings
 78864 | Depths:4 | Noticed a golden dragon
 79182 | Depths:4 | Found a broken altar of Ashenzari.
 79220 | Depths:4 | Reached skill level 15 in Invocations
 79533 | Depths:4 | Received a gift from Yredelemnul (a flayed ghost)
 79632 | Depths:4 | Killed a juggernaut
 79728 | Depths:4 | Killed a golden dragon
 80127 | Depths:4 | Received a gift from Yredelemnul (a ghoul)
 80354 | Depths:4 | Reached skill level 20 in Stealth
 80392 | Depths:4 | You are sucked into a shaft and drop 1 floor!
 80392 | Depths:5 | Entered Level 5 of the Depths
 80700 | Depths:5 | Found Uwniech's Weapon Boutique.
 80702 | Depths:5 | Noticed a juggernaut
 80704 | Depths:5 | Killed a juggernaut
 80705 | Depths:5 | Reached skill level 10 in Hexes
 80705 | Depths:5 | Reached XP level 24. HP: 152/152 MP: 41/41
 81136 | Depths:4 | Received a gift from Yredelemnul (a skeletal warrior)
 82174 | Depths:5 | Received a gift from Yredelemnul (a phantasmal warrior)
 82452 | Depths:5 | Noticed a caustic shrike
 82462 | Depths:5 | Noticed a caustic shrike
 82539 | Depths:5 | Upgraded the game from 0.27-a0-1532-gca18f49f40 to
                  | 0.27-a0-1548-gf8a67e7463
 82566 | Depths:5 | Noticed a caustic shrike
 82573 | Depths:5 | Noticed a caustic shrike
 82576 | Depths:5 | Killed a caustic shrike
 82585 | Depths:5 | Killed a caustic shrike
 82605 | Depths:5 | Killed a caustic shrike
 83065 | Depths:5 | Received a gift from Yredelemnul (a ghoul)
 83232 | Depths:5 | Reached skill level 15 in Spellcasting
 83772 | Depths:5 | Slain by a spriggan berserker

Illustrated notes

Levels and vault maps discovered:
D:1:      amcnicky_arrival_blooded_trapdoor, layout_rooms
D:2:      layout_loops_ring, serial_shops, shop, nicolae_diamond_shop,
          nicolae_shop_behind_doors, nicolae_shop_behind_doors, shop,
          due_unseen_surprise
D:3:      minmay_wonky_spiral, layout_loops_ring, mainiacjoe_overflow_paths
D:4:      layout_loops_cross, enter_ossuary_5, amcnicky_altar_lugonu_corruption
D:5:      layout_basic, mainiacjoe_overflow_brackets,
          chequers_serial_rivers_micro_b
D:6:      layout_cave_pools, serial_shops, kennysheep_little_box
D:7:      layout_rooms, minmay_temple_entry_proselytizer, serial_shops,
          nicolae_shop_window_shopping, minivault_22, minivault_4,
          serial_bayou_pond_a, minmay_misc_feat_chi
D:8:      layout_loops_ring, mainiacjoe_overflow_two_lobes, david_lair_shrubbed,
          enter_bailey_3
D:9:      layout_roguey, mainiacjoe_overflow_alcove_4
D:10:     kennysheep_big_flooded_room, layout_long_grid, bloody_makhleb,
          nicolae_water_bricks, hangedman_abyss_or_decor_stagger, uniq_erica
D:11:     layout_gridville, serial_shops, shop_statue, gammafunk_ghost_arena,
          chequers_hall_statues_wall_a
D:12:     layout_cross, orc_0_dummy
D:13:     layout_gridville, grunt_vaults_entry_tiered,
          roderic_nine_men_s_morris, kennysheep_small_square
D:14:     layout_loops_ring, hangedman_decor_riveting, nicolae_wwwww,
          uniq_azrael
D:15:     hangedman_depths_entry_try_elsewhere_first, layout_irregular_city,
          minmay_misc_feat_encased, uniq_kirke
Temple:   regret_index_temple_sphere_string
Lair:1:   layout_roguey, grunt_megastairs_1, lemuel_fruit_fields,
          infiniplex_staircase_pool_2
Lair:2:   layout_regular_city, minmay_snake_entry_guardpost_large,
          lemuel_old_faithful, lemuel_fruit_tree
Lair:3:   layout_chaotic_city, shoals_dummy_entry, gauntlet_entry_generic,
          ice2_lemuel, grunt_megastairs_5, uniq_gastronok
Lair:4:   layout_hall_layers
Lair:5:   layout_misc_corridors
Lair:6:   minmay_lair_end_enchanted_forest, layout_cave_pods, slime_altar_2,
          grunt_megastairs_2, uniq_nessos
Shoals:1: layout_shoals, uniq_jorgrun
Shoals:2: layout_shoals, nicolae_shoals_secluded_bog
Shoals:3: layout_shoals, nicolae_island_escapes
Shoals:4: shoals_end_simple, layout_shoals
Snake:1:  layout_onion_interference, serial_shops, nicolae_square_shop,
          nicolae_snake_lava_pool, minmay_shop_grove
Snake:2:  layout_grid_shapes, minmay_shoptagon, uniq_aizul
Snake:3:  layout_rooms, serial_shops, nicolae_shop_trees, serial_bayou_pond_e,
          hangedman_snake_corridor_cut
Snake:4:  grunt_snake_rune_serpentine_throne, layout_grid_shapes, serial_shops,
          shop_fountains, st_stairs_4, grunt_megastairs_4, uniq_roxanne,
          uniq_vashnia
Orc:1:    layout_diamond_mine, serial_shops, shop, basic_altar
Orc:2:    st_orc_elflike, layout_diamond_mine, uniq_urug
Elf:1:    layout_gridlike, serial_shops, shop,
          hangedman_elven_crosses_minicolossus, guppyfry_library_mini,
          uniq_louise
Elf:2:    layout_geoelf_octagon, serial_aquarium, aquarium_bridge_straight
          [aquarium_subvault_bridge, aquarium_subvault_wall,
          aquarium_subvault_bridge, aquarium_subvault_wall],
          aquarium_bridge_square [aquarium_subvault_window,
          aquarium_subvault_window, aquarium_subvault_bridge,
          aquarium_subvault_window], aquarium_window_2, aquarium_window_1,
          aquarium_view_2b, aquarium_view_2a, aquarium_balcony_3b,
          aquarium_pool_double, minmay_crystal_room
Elf:3:    minmay_elf_hall_spiked, layout_loops_cross, serial_shops, shop, shop,
          nicolae_shop_window_shopping, nicolae_shop_trees
Vaults:1: vaults_room_grid, ontoclasm_vaults_spin, vaults_room_large_hall,
          vaults_mumra_lcd, serial_ice_b, v_misc_25,
          nicolae_vaults_network_star, nicolae_vaults_alarming,
          vaults_room_hallway, vaults_mumra_chevron, layout_vaults_omnigrid,
          uniq_nikola
Vaults:2: grunt_vaults_twisty, grunt_vaults_hallway_long,
          ontoclasm_vaults_decontamination, minmay_crypt_entry_simple_box,
          v_misc_23, vaults_room_large_hall, minmay_guarded_unrand_guard_vaults,
          hangedman_vaults_corner, v_misc_10, nicolae_vaults_network_periphery,
          vaults_standard_mumra_x, hangedman_vaults_cutoff,
          layout_vaults_omnicross, serial_glass
Vaults:3: gammafunk_vaults_ghost_cemetery, v_misc_17, nicolae_vaults_network_s,
          hangedman_vaults_snaps, nicolae_vaults_network_barrier,
          v_alt_pattern_5, nicolae_vaults_little_squares_2,
          hangedman_vaults_nails, vaults_dpeg_hooks, nicolae_vaults_asterisk,
          layout_vaults_chaotic_city
Vaults:4: nicolae_vaults_triangles, vaults_room_fours, vaults_dpeg_diagonal,
          grunt_vaults_trifunnel, st_quartered_hall, vaults_room_semicircle,
          v_misc_33, vaults_room_door_ring, v_misc_9, layout_vaults_maze,
          uniq_margery
Depths:1: layout_cave_pools, enter_ziggurat_b, marbit_kobold_abyss_entry,
          nicolae_two_hexagons, lightli_too_deep, serial_shops,
          nicolae_shop_crystal, lemuel_blue_sif_altar
Depths:2: minmay_curly_fans, layout_honeycomb, minmay_staircase_bubble,
          hell_entry
Depths:3: minmay_the_grid_octo_tiled_octocenter_mashed
          [minmay_the_grid_octo_vomiting_pacman, minmay_the_grid_octo_toaster,
          minmay_the_grid_octo_horde, minmay_the_grid_octo_checkerflower,
          minmay_the_grid_octo_prize_ultimate_mussel_roller,
          minmay_the_grid_square_5x5_sharp_hourglass,
          minmay_the_grid_square_5x5_forky, minmay_the_grid_square_5x5_eight,
          minmay_the_grid_square_5x5_two_small], layout_basic, elyvilon_altar_4,
          serial_shops, bzr_entry_lakeside, hell_entry, rand_demon_pan_entry_1
Depths:4: minmay_dotted_concentric_squares, layout_basic,
          grunt_hell_entry_dis_old, minmay_misc_feat_nine_boxes, abyss_entry,
          minmay_misc_feat_doors, serial_bayou_pond_e, ashenzari_altar_1
Depths:5: grunt_zot_entry_gee_three, layout_honeycomb, pf_hell_entry_tar_river,
          serial_shops, shop_fountains, hangedman_abyss_or_decor_clamps,
          pan_entry

Skill      XL: |  1  2  3  4  5  6  7  8  9 10 11 12 13 14 15 16 17 18 19 20 21 22 23 24 |
---------------+-------------------------------------------------------------------------+-----
Fighting       | 1 2 3 4 5 6 7 8 9 10 11 12 13 14 15 16 | 16.1
Short Blades   | 1 2 3 4 5 6 7 8 9 11 12 13 14 15 16 | 16.7
Stealth        | 3 4 5 6 7 9 10 11 12 13 14 15 16 17 18 19 20 | 20.3
Dodging        | 3 4 5 6 7 8 9 10 11 12 13 14 15 16 17 | 17.5
Spellcasting   | 3 4 5 6 7 8 9 10 11 12 13 14 15 | 15.0
Summonings     | 5 6 7 8 9 10 11 12 13 14 15 | 15.3
Invocations    | 2 4 5 6 7 8 9 10 11 12 13 14 15 | 15.4
Shields        | 1 3 4 5 7 8 9 10 11 | 11.3
Hexes          | 2 4 5 7 9 10 | 10.4
Evocations     | 4 6 7 |  7.8

Action                   |  1- 3 |  4- 6 |  7- 9 | 10-12 | 13-15 | 16-18 | 19-21 | 22-24 || total
-------------------------+-------+-------+-------+-------+-------+-------+-------+-------++-------
Melee: Unarmed           |     4 |       |       |       |       |       |       |       ||     4
       Dagger            |    58 |    65 |   331 |   453 |  1158 |   163 |       |       ||  2228
       Quick blade       |       |       |       |       |       |   714 |  1021 |  1226 ||  2961
 Cast: Summon Small Mamm |    32 |       |       |       |       |       |       |       ||    32
       Call Imp          |     9 |    41 |    48 |    78 |   136 |   180 |    30 |     9 ||   531
       Call Canine Famil |       |     5 |    48 |    56 |    70 |    80 |    29 |    46 ||   334
       Summon Lightning  |       |       |       |       |    68 |    58 |    32 |    45 ||   203
       Ensorcelled Hiber |       |       |       |       |    11 |    25 |     5 |     4 ||    45
       Confusing Touch   |       |       |       |       |       |    51 |    37 |    72 ||   160
       Summon Hydra      |       |       |       |       |       |    14 |    32 |    73 ||   119
       Blink             |       |       |       |       |       |       |     1 |       ||     1
       Summon Forest     |       |       |       |       |       |       |       |     2 ||     2
Invok: Animate Remains   |       |       |     3 |    31 |       |       |       |       ||    34
       Animate Dead      |       |       |       |    15 |    73 |   101 |    60 |    45 ||   294
       Recall Undead Sla |       |       |       |       |    12 |    17 |    12 |    19 ||    60
 Abil: Evoke Blink       |       |       |       |       |       |     1 |       |       ||     1
Evoke: Wand              |       |       |     2 |       |     2 |     3 |       |     1 ||     8
  Use: Scroll            |     1 |     2 |     7 |     7 |    19 |    18 |     3 |     5 ||    62
       Potion            |       |       |       |     3 |     8 |     1 |     2 |     2 ||    16
 Stab: Sleeping          |     8 |    17 |    30 |    31 |    78 |    69 |   147 |    51 ||   431
       Distracted        |     1 |     1 |     8 |     7 |    41 |    24 |    23 |    28 ||   133
       Confused          |       |       |       |       |     1 |    27 |    11 |    55 ||    94
       Paralysed         |       |       |       |       |     1 |     5 |     1 |     1 ||     8
Armor: Robe              |     9 |     4 |    42 |    85 |   134 |   115 |    59 |   116 ||   564
Dodge: Dodged            |    68 |    37 |   219 |   355 |   706 |   535 |   326 |   531 ||  2777
Block: Buckler           |       |       |    30 |   114 |   352 |   423 |   193 |   327 ||  1439
       Reflection        |       |       |       |       |       |    47 |    15 |     6 ||    68

Table legend: (Time is in decaauts)
 A = Elapsed time spent in this place.
 B = Non-inter-level travel time spent in this place.
 C = Inter-level travel time spent in this place.
 D = Time resting spent in this place.
 E = Time spent auto-exploring this place.
 F = Levels seen in this place.
 G = Mean time per level.
                   A        B        C        D        E       F      G
               +--------+--------+--------+--------+--------+-----+--------+
         Total |  81502 |  63672 |  17830 |  25571 |  22761 |  49 | 1663.3 |
       Dungeon |  21907 |  17889 |   4018 |   4153 |  10772 |  15 | 1460.5 |
        Temple |    240 |    219 |     21 |      0 |    217 |   1 |  240.0 |
          Lair |   9623 |   7904 |   1719 |   1533 |   4436 |   6 | 1603.8 |
        Shoals |   6524 |   4243 |   2281 |   1514 |   1591 |   4 | 1631.0 |
     Snake Pit |   9824 |   8583 |   1241 |   5277 |   1810 |   4 | 2456.0 |
  Orcish Mines |   2841 |   2194 |    647 |   1226 |    616 |   2 | 1420.5 |
   Elven Halls |   6043 |   4534 |   1509 |   2184 |    746 |   3 | 2014.3 |
        Vaults |  13598 |  10147 |   3451 |   6362 |   1306 |   4 | 3399.5 |
        Depths |  10158 |   7218 |   2940 |   3184 |   1235 |   5 | 2031.6 |
      Ziggurat |    132 |    132 |      0 |     62 |      0 |   2 |   66.0 |
        Bazaar |    108 |    108 |      0 |      0 |     31 |   1 |  108.0 |
       Ossuary |    189 |    189 |      0 |     76 |      0 |   1 |  189.0 |
        Bailey |    309 |    309 |      0 |      0 |      0 |   1 |  309.0 |
               +--------+--------+--------+--------+--------+-----+--------+

Top non-repeatable levels by time:
Vaults:2: 4567 daAuts
Vaults:3: 3634 daAuts
 Snake:4: 3222 daAuts
Vaults:1: 3018 daAuts
 Snake:3: 2656 daAuts
Depths:4: 2583 daAuts
    D:13: 2508 daAuts
 Snake:2: 2507 daAuts
   Elf:3: 2484 daAuts
Depths:2: 2474 daAuts
  Lair:6: 2386 daAuts
Vaults:4: 2378 daAuts
    D:10: 2070 daAuts
Depths:5: 2022 daAuts
Shoals:4: 1989 daAuts
